 Dungeon Crawl Stone Soup version 0.19-a0-1654-g9d3f708 (webtiles) character file.

474 Amnesiac the Charlatan (level 6, -3/43 HPs)
             Began as a Mummy Artificer on Sept 21, 2016.
             Was an Initiate of Gozag.
             Slain by a phantom (7 damage)
             ... on level 4 of the Dungeon.
             The game lasted 00:08:11 (4264 turns).

Amnesiac the Charlatan (Mummy Artificer)            Turns: 4264, Time: 00:08:12

Health: -3/43      AC: 11    Str: 15    XL:     6   Next: 84%
Magic:  10/10      EV:  4    Int: 11    God:    Gozag
Gold:   386        SH:  0    Dex: 14    Spells: 0 memorised, 5 levels left

rFire  . . .     SeeInvis .     p - +0 quarterstaff
rCold  . . .     Gourm    .     q - +0 plate armour
rNeg   + + +     Faith    .     (shield currently unavailable)
rPois  ∞         Spirit   .     b - +0 helmet
rElec  .         Dismiss  .     (no cloak)
rCorr  .         Reflect  .     (no gloves)
MR     .....     Harm     .     (no boots)
Stlth  ..........               (no amulet)
                                (no ring)
                                o - ring of fire

@: no status effects
A: no food or potions, fire vulnerability, cold resistance 1, negative energy
resistance 3, torment resistance, unbreathing
a: Potion Petition, Call Merchant, Bribe Branch, Renounce Religion


You were on level 4 of the Dungeon.
You worshipped Gozag.
Gozag was aware of your devotion.
You were not hungry.

You visited 2 branches of the dungeon, and saw 5 of its levels.

You collected 437 gold pieces.
You paid 51 gold pieces to Gozag.

Inventory:

Hand Weapons
 a - a +0 short sword
 m - a +0 flail
 p - a +0 quarterstaff (weapon)
 w - a +1 vampiric hand axe
 x - a +0 blowgun
 z - a +2 hand axe of chopping
Missiles
 y - 35 poisoned needles
Armour
 b - a +0 helmet (worn)
 f - a +0 ring mail
 i - a +0 buckler
 q - a +0 plate armour (worn)
Jewellery
 o - a ring of fire (left hand)
Wands
 c - a wand of flame (0/48)
 d - a wand of enslavement (13/24)
 e - a wand of random effects (0/48)
 s - a wand of random effects (15/48)
Scrolls
 g - 3 scrolls of enchant armour {unknown}
 h - a scroll of blinking {unknown}
 j - a scroll of noise {unknown}
 k - a scroll of teleportation {unknown}
 n - 2 scrolls of immolation {unknown}
 r - 3 scrolls of identify {unknown}
 t - 3 scrolls of remove curse {unknown}
 u - a scroll of magic mapping {unknown}
 v - a scroll of random uselessness {unknown}
Books
 l - a book of Frost

   Spells                             Type                      Level
   a - Freeze                         Ice                          1
   b - Throw Frost                    Conjuration/Ice              2
   c - Ozocubu's Armour               Charms/Ice                   3
   d - Throw Icicle                   Conjuration/Ice              4
   e - Summon Ice Beast               Ice/Summoning                4


   Skills:
 - Level 1.0 Fighting
 - Level 1.0 Short Blades
 + Level 0.0 Staves
 - Level 1.5 Dodging
 - Level 0.7 Stealth
 - Level 6.4 Evocations


You had 5 spell levels left.
You didn't know any spells.

Dungeon Overview and Level Annotations

Branches:
Dungeon (4/15)             Temple (1/1) D:4

Altars:
Cheibriados
Elyvilon
Fedhas
Gozag
Makhleb
Nemelex Xobeh
Okawaru
Qazlal
Ru
Trog
Uskayaw
Zin

Shops:
D:4 =


Innate Abilities, Weirdness & Mutations

You do not eat or drink.
Your flesh is vulnerable to fire.
You are immune to poison.
Your flesh is cold resistant. (rC+)
You are immune to negative energy. (rN+++)
You are immune to unholy pain and torment.
You can survive without breathing.


Message History

Evoke which item? (* to show all) (? for menu, Esc to quit)
Zapping:
s - a wand of random effects {zapped: 8} (will waste charges)
Press: ? - help, Shift-Dir - straight line, f/p - phantom
Aim: a phantom (heavily damaged, fast)
The phantom resists with significant effort.
Evoking this partially-identified wand wasted a few charges.
The phantom hits you but does no damage. x2
Evoke which item? (* to show all) (? for menu, Esc to quit)
Zapping:
s - a wand of random effects {zapped: 10} (will waste charges)
Press: ? - help, Shift-Dir - straight line, f/p - phantom
Aim: a phantom (heavily damaged, fast) Nothing appears to happen.
Evoking this partially-identified wand wasted a few charges.
The phantom hits you.
* * * LOW HITPOINT WARNING * * *
You hit the phantom but do no damage.
The phantom is heavily damaged.
The phantom hits you!
You die...
Your body crumbles into a pile of gold.

...........♣.♣..###...##P.♣.♣♣♣.#
........#..♣.♣........###.PPP...#
................#..#.........P..#
......#.∩.#.......###...#.......#
#...............###.......#######
........#.................#
####...####..........##...# #
##..###.............#..########
###...##..#.....@W..........(....
.......#.##.....###.............>
#..##..#.....[.## #..............
#.###.....#...## ##..............
..##..........# #....####....###
.......####...♣♣♣♣..#.####.....##
.............♣♣PP♣♣......#.#.....
.......♣♣♣...♣P..♣♣..............
........P♣♣..♣♣...♣.....##.......


You could see a phantom.

Vanquished Creatures
  The ghost of Rationalist the Chopper, an amateur MiGl (D:3)
  2 hounds
  A bullfrog skeleton (D:4)
  A centaur skeleton (D:4)
  2 orc wizards (D:3)
  An iguana (D:4)
  A worker ant (Temple)
  11 adders
  A shadow imp (D:3)
  2 worms (D:3)
  3 dart slugs
  2 leopard geckos (D:2)
  8 orcs (D:3)
  5 giant cockroaches
  6 goblins
  3 hobgoblins
  2 jackals (D:2)
  4 kobolds
  A quokka (D:3)
  4 bats
  4 frilled lizards
  6 rats
71 creatures vanquished.

Vanquished Creatures (collateral kills)
  A leopard gecko (D:3)
  A worm (D:3)
2 creatures vanquished.

Vanquished Creatures (others)
  A hound (D:4)
  A worker ant (D:4)
2 creatures vanquished.

Grand Total: 75 creatures vanquished

Notes
Turn   | Place    | Note
-------+----------+-------------------------------------------
     0 | D:1      | Amnesiac the Mummy Artificer began the quest for the Orb.
     0 | D:1      | Reached XP level 1. HP: 15/15 MP: 2/2
   108 | D:1      | Reached skill level 1 in Short Blades
   140 | D:2      | Reached XP level 2. HP: 9/21 MP: 4/4
   329 | D:3      | Reached skill level 3 in Evocations
   502 | D:3      | Reached XP level 3. HP: 22/26 MP: 5/5
   798 | D:3      | Reached skill level 4 in Evocations
   798 | D:3      | Reached XP level 4. HP: 10/32 MP: 5/7
  1225 | D:4      | Found Amin's Jewellery Shop.
  1250 | D:4      | Noticed a phantom
  1659 | D:4      | Found a staircase to the Ecumenical Temple.
  1692 | Temple   | Entered the Ecumenical Temple
  1738 | Temple   | Reached XP level 5. HP: 10/37 MP: 8/8
  2222 | D:2      | Reached skill level 5 in Evocations
  2260 | D:2      | Found an opulent altar of Gozag.
  2271 | D:2      | Became a worshipper of Gozag Ym Sagoz the Greedy
  2322 | D:2      | Found a stormy altar of Qazlal.
  3127 | D:3      | Reached XP level 6. HP: 12/43 MP: 10/10
  3512 | D:3      | Found a burning altar of Makhleb.
  3606 | D:3      | Found a blossoming altar of Fedhas.
  3667 | D:3      | Noticed Rationalist's ghost (amateur MiGl)
  3684 | D:3      | Killed Rationalist's ghost
  3684 | D:3      | Reached skill level 6 in Evocations
  4264 | D:4      | Slain by a phantom

Vault maps used:
D:1:      eino_arrival_druids_welcome
D:2:      grunt_qazlal_sundering, nicolae_gozag_seed_capital,
          minmay_statues_item
D:3:      nicolae_overflow_crystal_walls, fedhas_altar_1
D:4:      kiku_gazebo_pond_becter, serial_shops, nicolae_shop_stone,
          first_bread, serial_forest, infiniplex_forest_clump_large,
          infiniplex_forest_split, infiniplex_forest_lined_1,
          infiniplex_forest_fountain, infiniplex_forest_lined_3,
          infiniplex_forest_clump_medium, infiniplex_forest_straight_2,
          infiniplex_forest_clump_large, infiniplex_forest_clump_tiny
Temple:   jpeg_temple_island

Skill      XL: |  1  2  3  4  5  6 |
---------------+-------------------+-----
Short Blades   | 1 |  1.0
Evocations     | 3 4 5 6 |  6.4
Fighting       | |  1.0
Dodging        | |  1.5
Stealth        | |  0.7

Action                   |  1- 3 |  4- 6 || total
-------------------------+-------+-------++-------
Melee: Short sword       |    50 |    53 ||   103
       Quarterstaff      |       |   122 ||   122
       Hand axe          |       |   157 ||   157
Evoke: Wand              |    14 |    23 ||    37
Armor: Ring mail         |    27 |    32 ||    59
       Plate armour      |       |   216 ||   216
Dodge: Dodged            |    39 |   117 ||   156
